 Dungeon Crawl Stone Soup version 0.16.1 (console) character file.

53 gw the Chiller (level 3, -7/28 HPs)
             Began as a Centaur Ice Elementalist on Mar 24, 2015.
             Mangled by Sigmund
             ... wielding a +4 scythe of slicing
              (12 damage)
             ... on level 2 of the Dungeon.
             The game lasted 00:02:21 (2384 turns).

gw the Chiller (Centaur Ice Elementalist)           Turns: 2384, Time: 00:02:21

Health: -7/28      AC:  5    Str: 12    XL:     3   Next: 64%
Magic:  0/6        EV:  9    Int: 15    God:
Gold:   58         SH:  0    Dex:  9    Spells: 3 memorised, 0 levels left

rFire  . . .     SeeInvis .     b - +1 short sword
rCold  . . .     Clarity  .     g - +0 leather armour
rNeg   . . .     SustAb   .     (no shield)
rPois  .         Gourm    .     (no helmet)
rElec  .         Spirit   .     d - +0 cloak
rCorr  .         Warding  .     (no gloves)
rMut   .         Stasis   .     (no barding)
MR     .....                    (no amulet)
Stlth  +.........               (no ring)
                                e - +2 ring of strength

@: very slightly contaminated, very quick, not resistant to hostile
enchantments, very unstealthy
A: hooves 3, deformed body, speed 2, tough skin 3
a: no special abilities


You were on level 2 of the Dungeon.
You were hungry.

You visited 1 branch of the dungeon, and saw 2 of its levels.

You collected 58 gold pieces.

Inventory:

Hand weapons
 b - a +1 short sword (weapon)
Missiles
 h - 28 arrows
 i - 18 arrows of flame
Armour
 d - a +0 cloak (worn)
 g - a +0 leather armour (worn)
Jewellery
 e - a +2 ring of strength (left hand)
Scrolls
 f - a scroll of teleportation {unknown}
Potions
 k - 2 potions of might {unknown}
Books
 a - a book of Frost

   Spells                             Type                      Level
   a - Freeze                         Ice                          1
   b - Throw Frost                    Conjuration/Ice              2
   c - Ozocubu's Armour               Charms/Ice                   3
   d - Throw Icicle                   Conjuration/Ice              4
   e - Summon Ice Beast               Ice/Summoning                4
   f - Condensation Shield            Ice                          4
Comestibles
 c - a bread ration
 j - a slice of pizza


   Skills:
 + Level 1.0 Fighting
 + Level 0.8 Armour
 - Level 1.3 Dodging
 - Level 1.2 Stealth
 * Level 2.3 Spellcasting
 - Level 0.8 Conjurations
 + Level 3.1 Ice Magic


You couldn't memorise any spells.
You knew the following spells:

 Your Spells              Type           Power        Failure   Level  Hunger
a - Freeze                Ice            ##..         10%         1    #......
b - Throw Frost           Conj/Ice       #.....       21%         2    ###....
c - Ozocubu's Armour      Chrm/Ice       #.......     45%         3    ###....


Dungeon Overview and Level Annotations

Branches:
Dungeon (2/15)

Altars:
Trog

Annotations:
D:2 Sigmund


Innate Abilities, Weirdness & Mutations

You have hooves in place of feet.
Armour fits poorly on your strangely shaped body.
You cover ground very quickly.
You have extremely tough skin (AC +3).


Message History

Unknown command.
Unknown command.
Unknown command.
MOVING TO (1,2) Unknown command.
Unknown command.
Unknown command.
MOVING TO (0,1) Unknown command.
Unknown command.
Unknown command.
ATTACKING (0,-1)
You swing at nothing.
Unknown command.
Unknown command.
Unknown command.
Unknown command.
ATTACKING (0,1)
You swing at nothing.
Something hits you!
You die...

#.#### ## >....
.# ...##.#
#..^.# #.)..#
#.###...#
#######
#.....%.#
#.....#
######.##
#.....# #c#
#.....# #.#
#.....# #.#
#.....# ###.#
###.### #...#
#.# #.###
#####.###### #.#
.#.........###%#
.............#.#


There were no monsters in sight!

Table legend:
 A = Turns spent in this place as a percentage of turns spent in the entire game.
 B = Non-inter-level travel turns spent in this place as a percentage of non-inter-level travel turns spent in the entire game.
 C = Inter-level travel turns spent in this place as a percentage of turns spent in this place.
 D = Turns resting spent in this place as a percentage of non-inter-level travel turns spent in this place.
 E = Turns spent auto-exploring this place as a percentage of non-inter-level travel turns spent in this place.
 F = Non-inter-level travel turns spent in this place divided by the number of levels of this place that you've seen.
                   A       B       C       D       E      F
               +-------+-------+-------+-------+-------+----------------------
         Total | 100.0 | 100.0 |   0.5 |   3.1 |   2.4 | 1540.5
       Dungeon | 100.0 | 100.0 |   0.5 |   3.1 |   2.4 | 1540.5
               +-------+-------+-------+-------+-------+----------------------

Table legend:
 A = Kills in this place as a percentage of kills in entire the game.
 B = Kills by you in this place as a percentage of kills by you in the entire game.
 C = Kills by friends in this place as a percentage of kills by friends in the entire game.
 D = Other kills in this place as a percentage of other kills in the entire game.
 E = Experience gained in this place as a percentage of experience gained in the entire game.
 F = Experience gained in this place divided by the number of levels of this place that you have seen.
                   A       B       C       D       E      F
               +-------+-------+-------+-------+-------+----------------------
         Total | 100.0 | 100.0 |  -nan |  -nan | 100.0 |  38.5
       Dungeon | 100.0 | 100.0 |  -nan |  -nan | 100.0 |  38.5
               +-------+-------+-------+-------+-------+----------------------

Vanquished Creatures
  Robin (D:2)
  4 giant geckos
  8 goblins
  4 hobgoblins
  4 jackals (D:2)
  2 quokkas (D:2)
  4 bats
  A giant newt (D:2)
  5 kobolds
  7 rats
40 creatures vanquished.

Notes
Turn   | Place    | Note
--------------------------------------------------------------
     0 | D:1      | gw, the Centaur Ice Elementalist, began the quest for the Orb.
     0 | D:1      | Reached XP level 1. HP: 14/14 MP: 2/2
     2 | D:1      | Noticed a naga
     4 | D:1      | Noticed a demigod
     6 | D:1      | Noticed a vampire
     8 | D:1      | Noticed a formicid
     8 | D:1      | Noticed a demonspawn
    10 | D:1      | Noticed a felid
    10 | D:1      | Noticed a tengu
    12 | D:1      | Noticed a minotaur
    14 | D:1      | Noticed a draconian
    14 | D:1      | Noticed a dwarf
    16 | D:1      | Noticed a centaur
    18 | D:1      | Noticed a gargoyle
    18 | D:1      | Noticed a troll
    20 | D:1      | Noticed an elf
    20 | D:1      | Noticed an octopode
    22 | D:1      | Noticed a merfolk
    22 | D:1      | Noticed a ghoul
    24 | D:1      | Noticed a vine stalker
    24 | D:1      | Noticed a human
    26 | D:1      | Noticed a spriggan
    26 | D:1      | Noticed an ogre
   655 | D:1      | Reached XP level 2. HP: 20/20 MP: 0/4
   700 | D:1      | Learned a level 2 spell: Throw Frost
  1465 | D:2      | Found a bloodstained altar of Trog.
  1588 | D:2      | Noticed Robin
  1605 | D:2      | Killed Robin
  1605 | D:2      | Reached XP level 3. HP: 12/27 MP: 0/6
  1805 | D:2      | Learned a level 3 spell: Ozocubu's Armour
  1836 | D:2      | Reached skill level 3 in Ice Magic
  2175 | D:2      | Reached skill level 1 in Fighting
  2371 | D:2      | Noticed Sigmund
  2384 | D:2      | Mangled by Sigmund

Action                   || total
-------------------------++-------
Melee: Club              ||    16
       Short sword       ||    26
 Cast: Freeze            ||    28
       Throw Frost       ||    21
  Use: Scroll            ||     4
       Potion            ||     2
  Eat: Chunk             ||     6

Vault maps used:
D:1:      kb_arrival_jail
D:2:      old_standard_altar, nemelex_xobeh_ov_fountains_minmay, uniq_robin,
          uniq_sigmund
